 Dungeon Crawl Stone Soup version 0.32-a0-312-g1d7162e751 (webtiles) character file.

Game seed: 13426327258037360096

154 Hailstones the Poker (level 5, 0/38 HPs)
             Began as a Merfolk Gladiator on Feb 15, 2024.
             Was a Believer of Yredelemnul.
             Killed from afar by Natasha (8 damage)
             ... with a magic dart
             ... on level 3 of the Dungeon.
             The game lasted 00:05:47 (2331 turns).

Hailstones the Poker (Merfolk Gladiator)            Turns: 2331, Time: 00:05:47

Health: 0/38       AC:  6    Str: 17    XL:     5   Next: 35%
Magic:  6/6        EV: 13    Int:  7    God:    Yredelemnul [**....]
Gold:   84         SH:  0    Dex: 15    Spells: 4/4 levels left

rFire   . . .        a - +0 trident
rCold   . . .        (no shield)
rNeg    . . .        b - +0 leather armour
rPois   .            c - +1 helmet
rElec   .            (no cloak)
rCorr   .            (no gloves)
SInv    .            p - +0 pair of boots
Will    .....        (no amulet)
Stlth   +            (no ring)
HPRegen 0.26/turn    (no ring)
MPRegen 0.10/turn

%: no passive effects
@: wreathed by umbra
A: (nimble swimmer 2), mertail
a: Renounce Religion, Light the Black Torch, Recall Undead Harvest, Hurl
Torchlight


You were on level 3 of the Dungeon.
You worshipped Yredelemnul.
Yredelemnul was noncommittal.
You visited 1 branch of the dungeon, and saw 3 of its levels.

You collected 84 gold pieces.

Inventory:

Hand Weapons
 a - a +0 trident (weapon)
Missiles
 d - 3 throwing nets
 e - a javelin
 o - 4 boomerangs (quivered)
Armour
 b - a +0 leather armour (worn)
 c - a +1 helmet (worn)
 p - a +0 pair of boots (worn)
Scrolls
 f - 2 scrolls of immolation {unknown}
 g - a scroll of identify
 n - a scroll of fog
Potions
 h - 2 potions of enlightenment
 i - a potion of brilliance
 j - a potion of haste {unknown}
 k - 3 potions of heal wounds
 l - 2 potions of degeneration {unknown}
 m - a potion of lignification {unknown}


   Skills:
 - Level 2.1 Fighting
 + Level 6.9 Polearms
 - Level 2.0 Throwing
 - Level 4.0 Dodging
 + Level 2.6 Invocations


You had 4 spell levels left.
You didn't know any spells.
Your spell library was empty.

Dungeon Overview and Level Annotations

Branches:
Dungeon (3/15)

Altars:
Yredelemnul
The Shining One

Annotations:
D:3 1 runed translucent door, Natasha; brrff's ghost, amateur MfSu


Innate Abilities, Weirdness & Mutations

((You are very nimble when in or above water. (Stealth+, EV+, Speed+++)))
Your lower body shifts to a powerful aquatic tail in water.


Message History

The orc wizard flickers and vanishes!
Deactivating autopickup; reactivate with Ctrl-A.
The orc hits you with a +0 falchion. The hobgoblin hits you.
The kobold closely misses you.
You puncture the orc!
You kill the orc!
Their soul becomes fuel for the torch.
Your ball python zombie bites the kobold.
Your ball python zombie constricts the kobold.
The orc priest invokes the aid of Beogh against you.
Beogh smites you!
A goblin comes into view. It is wielding a +0 club.
A hobgoblin comes into view.
The kobold hits your ball python zombie with a +0 club.
Your endoplasm zombie barely misses the kobold.
The hobgoblin misses you.
Natasha casts a spell.
You hit the hobgoblin.
The hobgoblin is lightly wounded.
Your ball python zombie bites the kobold.
The kobold dies!
Their soul becomes fuel for the torch.
You can now hurl gouts of umbral torchlight.
The orc priest looks satisfied for a moment.
The hobgoblin misses you.
You barely miss the hobgoblin.
The hobgoblin is lightly wounded.
The cerulean imp barely misses you. The hobgoblin hits you.
You hit the hobgoblin.
You kill the hobgoblin!
Their soul becomes fuel for the torch.
The dead are walking!
The cerulean imp barely misses you.
The orc priest invokes the aid of Beogh against you.
Beogh smites you!
* * * LOW HITPOINT WARNING * * *
Natasha stares at you and mumbles some strange words.
The magic dart hits you!
You die...
Natasha begins licking her fur clean.
Your body rises from the dead as a mindless zombie.

.. #.....# ..# #.###.# .
.. #.#...# .. #.##
#.#.#.# ##. ..###
##Z#.#.# ... #).[#
#.Z..... .. #.#.#
#.Z#.#.# #.###Z..#
#..#...#
#oh@ZZZ######Z.#.#.#
..g..gZ#Z#Z......Z..###.
.#.#.5...########..## ##
#.#.### #...###. #...
###..#Z# ..## #.#.## #.#
#.#### .. #.###. #Z##Z#


You could see an orc priest (ally target), Natasha (ally target), a cerulean imp
(summoned), a hobgoblin, a goblin, a friendly spectral white imp, a friendly bat
zombie, a friendly ball python zombie, a friendly rat zombie, a friendly
endoplasm zombie, a friendly hobgoblin zombie and the friendly Natasha the felid
zombie.

Vanquished Creatures
  Natasha (D:3)
  2 adders (D:2)
  2 orcs (D:3)
  2 ball pythons
  5 endoplasms
  3 giant cockroaches (D:2)
  4 goblins
  6 hobgoblins
  3 quokkas
  3 bats
  A frilled lizard (D:2)
  A goblin skeleton (D:3)
  A goblin zombie (D:3)
  5 kobolds
  2 orc skeletons (D:3)
  An orc zombie (D:3)
  8 rats
50 creatures vanquished.

Vanquished Creatures (collateral kills)
  A white imp (D:3)
  A dart slug (D:2)
  A ribbon worm (D:2)
  2 ball pythons (D:2)
  A goblin zombie (D:3)
  A kobold (D:3)
  A kobold skeleton (D:3)
  A kobold zombie (D:3)
  An orc skeleton (D:3)
10 creatures vanquished.

Grand Total: 60 creatures vanquished

Notes
Turn   | Place    | Note
-------+----------+-------------------------------------------
     0 | D:1      | Hailstones the Merfolk Gladiator began the quest for the
                  | Orb.
     0 | D:1      | Reached XP level 1. HP: 16/16 MP: 1/1
   151 | D:1      | Reached XP level 2. HP: 19/22 MP: 2/2
   257 | D:1      | Reached skill level 5 in Polearms
   489 | D:1      | Reached XP level 3. HP: 27/27 MP: 3/3
   819 | D:1      | Found a faded altar of an unknown god.
   853 | D:1      | Prayed at the altar of an unknown god.
   853 | D:1      | Became a worshipper of Yredelemnul the Fallen
   853 | D:1      | Reached * piety under Yredelemnul
  1291 | D:2      | Reached skill level 6 in Polearms
  1384 | D:2      | Reached skill level 1 in Invocations
  1384 | D:2      | Reached XP level 4. HP: 29/33 MP: 4/4
  1985 | D:3      | Found a glowing golden altar of the Shining One.
  2004 | D:3      | Reached XP level 5. HP: 38/38 MP: 6/6
  2098 | D:3      | Found a runed translucent door.
  2102 | D:3      | Noticed brrff's ghost (amateur MfSu)
  2207 | D:3      | Identified the +4 falchion of the Lusting Viper {spect,
                  | ^Drain Str+6 Dex+4}
  2255 | D:3      | Noticed Natasha
  2270 | D:3      | Killed Natasha
  2326 | D:3      | Noticed Natasha
  2329 | D:3      | Reached ** piety under Yredelemnul
  2331 | D:3      | Killed from afar by Natasha

Illustrated notes

Levels and vault maps discovered:
D:1:      co_arrival_random_square_maze, layout_basic,
          shapermc_ecumenical_altar_mp_urbaneastern, serial_rivers,
          chequers_serial_rivers_micro_a, chequers_serial_rivers_large_b,
          chequers_serial_rivers_large_a, chequers_serial_rivers_micro_c,
          chequers_serial_rivers_micro_b, chequers_serial_rivers_micro_b,
          minmay_misc_feat_diagonals
D:2:      layout_loops_cross
D:3:      layout_loops_cross, nicolae_tso_besieged_by_evil,
          mainiacjoe_overflow_six_doors_small, gammafunk_ghost_grave,
          minmay_fractal_squares_5, uniq_jessica, uniq_natasha

Skill      XL: |  1  2  3  4 |
---------------+-------------+-----
Polearms       | 5 6 |  6.9
Invocations    | 1 2 |  2.6
Fighting       | |  2.1
Throwing       | |  2.0
Dodging        | |  4.0

Action                     |  1- 3 |  4- 6 || total
---------------------------+-------+-------++-------
  Melee: Trident           |   110 |    68 ||   178
         Tailslap          |     3 |       ||     3
 Invoke: Light the Black T |     2 |     1 ||     3
    Use: Scroll            |     2 |     5 ||     7
   Stab: Distracted        |     1 |     1 ||     2
         Sleeping          |     1 |       ||     1
 Armour: Leather armour    |    40 |    24 ||    64
  Dodge: Dodged            |    87 |    55 ||   142

Table legend: (Time is in decaauts)
 A = Elapsed time spent in this place.
 B = Non-inter-level travel time spent in this place.
 C = Inter-level travel time spent in this place.
 D = Time resting spent in this place.
 E = Time spent auto-exploring this place.
 F = Levels seen in this place.
 G = Mean time per level.
                   A        B        C        D        E       F      G
               +--------+--------+--------+--------+--------+-----+--------+
         Total |   2276 |   2187 |     89 |      0 |   1740 |   3 |  758.7 |
       Dungeon |   2276 |   2187 |     89 |      0 |   1740 |   3 |  758.7 |
               +--------+--------+--------+--------+--------+-----+--------+

Top non-repeatable levels by time:
     D:1: 1202 daAuts
     D:2: 697 daAuts
     D:3: 377 daAuts
